 Dungeon Crawl Stone Soup version 0.28-a0-1159-g27aa881441 (webtiles) character file.

Game seed: 1641368468194987896

728 spaghetti the Covert (level 7, -5/48 HPs)
             Began as an Octopode Delver on Dec 15, 2021.
             Was an Initiate of Gozag.
             Slain by a yak (15 damage)
             ... on level 4 of the Dungeon.
             The game lasted 00:10:04 (5434 turns).

spaghetti the Covert (Octopode Delver)              Turns: 5434, Time: 00:10:05

Health: -5/48      AC:  5    Str:  9 (12) XL:     7   Next: 72%
Magic:  7/7        EV: 10    Int: 15 (16) God:    Gozag
Gold:   690        SH:  8    Dex: 10 (13) Spells: 6/6 levels left

rFire   . . .      SeeInvis .   m - +0 short sword (venom) {short}
rCold   . . .      Faith    .   o - +1 kite shield
rNeg    . . .      Spirit   .   (helmet restricted)
rPois   .          Reflect  .   (no amulet)
rElec   .          Harm     .   s - +4 ring of protection
rCorr   .          Rampage  .   w - ring of willpower
Will    +....                   (no ring)
Stlth   ++++++....              (no ring)
HPRegen 0.16/turn               (no ring)
MPRegen 0.10/turn               (no ring)
                                (no ring)
                                (no ring)

@: no status effects
A: almost no armour, amphibious, 8 rings, camouflage 1, gelatinous body 1,
(nimble swimmer 1), tentacles, clever 1, deterioration 1, subdued magic 1, noise
suppression
a: Renounce Religion, Potion Petition, Call Merchant, Bribe Branch


You were on level 4 of the Dungeon.
You worshipped Gozag.
Gozag was pleased with you.
You visited 2 branches of the dungeon, and saw 8 of its levels.

You collected 707 gold pieces.
You paid 17 gold pieces to Gozag.


Innate Abilities, Weirdness & Mutations

You cannot wear most types of armour.
You are amphibious.
You can wear up to eight rings at the same time.
Your skin changes colour to match your surroundings (Stealth+).
Your rubbery body absorbs attacks. (AC +1, EV +1)
((You are camouflaged near water. (Stealth+)))
You have tentacles for arms and can constrict up to eight enemies at once.
Your mind is acute. (Int +2)
Your body sometimes deteriorates upon taking damage.
Your spells are a little easier to cast, but a little less powerful.
You passively dampen the noise of your surroundings.


   Skills:
 + Level 4.2 Fighting
 - Level 2.0 Long Blades
 - Level 2.0 Dodging
 - Level 12.0 Stealth
 + Level 2.5 Shields


You had 6 spell levels left.
You didn't know any spells.
Your spell library contained the following spells:

 Spells                   Type           Power      Damage    Failure   Level
 Slow                     Hex            0%         N/A       77%         1
 Scorch                   Fire           0%         2d5       88%         2
 Confusing Touch          Hex            0%         N/A       98%         3
 Dazzling Flash           Conj/Hex       0%         N/A       98%         3
 Gell's Gravitas          Tloc           0%         N/A       98%         3
 Inner Flame              Hex/Fire       0%         N/A       98%         3
 Teleport Other           Tloc           0%         N/A       98%         3
 Cause Fear               Hex            0%         N/A       100%        4
 Flame Wave               Conj/Fire      0%         2d4       100%        4
 Iskenderun's Mystic Bla  Conj/Tloc      0%         2d3       100%        4
 Yara's Violent Unravell  Hex/Tmut       0%         3d3       100%        5
 Dispersal                Tloc           0%         N/A       100%        6
 Starburst                Conj/Fire      0%         6d3       100%        6
 Summon Cactus Giant      Summ           0%         N/A       100%        6
 Discord                  Hex            0%         N/A       100%        8

Inventory:

Hand Weapons
 a - a +0 falchion {long}
 m - a +0 short sword of venom (weapon) {short}
   (You found it on level 4 of the Dungeon)
Missiles
 d - 18 poisoned darts (quivered) {throwing}
 g - 44 arrows
 h - 42 bolts
 p - 178 stones {throwing}
 r - 12 sling bullets
Armour
 o - a +1 kite shield (worn)
   (You found it on level 5 of the Dungeon)
Jewellery
 k - an amulet of faith {!P}
   (You found it on level 6 of the Dungeon)
 s - a +4 ring of protection (left tentacle)
   (You found it on level 2 of the Dungeon)
 w - a ring of willpower (right tentacle)
   (You found it on level 3 of the Dungeon)
Wands
 c - a wand of mindburst (6)
   (You found it on level 5 of the Dungeon)
 f - a wand of digging (3)
 y - a wand of paralysis (8)
   (You found it on level 4 of the Dungeon)
Scrolls
 b - a scroll of fog
 j - 3 scrolls of teleportation {@r4}
 l - 2 scrolls of immolation {!r!r}
 n - a scroll of noise {!r}
 q - a scroll of silence {!r}
 u - a scroll of amnesia
 v - a scroll of magic mapping {!r}
 x - a scroll of vulnerability {!r!r}
 A - a scroll of brand weapon {unknown}
 B - a scroll of blinking {unknown}
Potions
 e - 2 potions of haste {@q3}
 i - a potion of magic
 z - a potion of mutation {!q}

Dungeon Overview and Level Annotations

Branches:
Dungeon (7/15)             Temple (1/1) D:5

Altars:
Ashenzari
Cheibriados
Dithmenos
Gozag
Makhleb
Trog
Vehumet
Wu Jian
Xom
The Shining One

Annotations:
D:3 2 runed translucent doors, croobank's ghost, amateur TrBe
D:4 Blork the orc

#### ### ##.###
##@# ###
.....## ##.Y#
#.## ......##
#..## #..#
.......# ##..#
##..##
.......## #(.##
###....#
........##
##(## ##......#
.>.......###..#
###.......#
...##.....##(##
#.........#
.#####.......#
#..........


You could see a yak (very poisoned).


Message History

Unknown command.
You start resting. 😎 HP[+23]
Your hp is fully restored (48).
Partly explored, can't reach some items and places.
(D) Dungeon (T) Temple
Where to? (Enter - D:5, ? - help)
You climb downwards.
The yak gores you! x2
* * * LOW HITPOINT WARNING * * *
The yak closely misses you. The yak gores you!
* * * LOW HITPOINT WARNING * * *
The yak gores you.
* * * LOW HITPOINT WARNING * * *
There is a stone staircase leading up, spattered with blood here. 😨 HP[-33]
You take 33 damage, and now have 15/48 hp.
MASSIVE DAMAGE!! (PAUSE) Unknown command.
Okay, then.
Okay, then.
Okay, then.
The yak barely misses you. 😨 HP[+1]
Okay, then.
Unknown command. 😨 HP[+1]
There is a stone staircase leading up, spattered with blood here.
The yak gores you but does no damage.
You climb upwards.
Level annotation: Blork the orc
There is a stone staircase leading down here. 😨 HP[+1] Unknown command.
Unknown command.
Okay, then.
Unknown command. 😨 HP[+1] 😨 HP[+1]
Okay, then.
Okay, then. 😨 HP[+1]
Aiming: Mindburst
Press: ? - help, Shift-Dir - straight line, f - yak
Aim: a yak (chance to affect: 65%)
The yak struggles to resist.
The yak completely misses you.
Aiming: Mindburst
Press: ? - help, Shift-Dir - straight line, f/p - yak
Aim: a yak (chance to affect: 65%)
The yak's mind is blasted!
The yak gores you!
* * * LOW HITPOINT WARNING * * *
Your body deteriorates!
You feel clumsy. 😱 HP[-14]
You take 14 damage, and now have 7/48 hp.
MASSIVE DAMAGE!! (PAUSE)
Aiming: Paralyse
Press: ? - help, Shift-Dir - straight line, f/p - yak
Aim: a yak (heavily wounded, chance to affect: 46%)
Okay, then.
Unknown command.
As you read the scroll of fear, it crumbles to dust.
You assume a fearsome visage.
The yak looks frightened!
A yak is nearby! 😱 HP[+1]
You start resting.
A yak is nearby! 😱 HP[+1] Throw: 22 darts (poison) {throwing}
Press: ? - help, Q - select action, (/) - cycle Shift-Dir - straight line, f/p - yak
Aim: a yak (heavily wounded, 69% to hit)
You throw a poisoned dart {throwing}.
The poisoned dart {throwing} hits the yak.
The yak is poisoned.
Throw: 21 darts (poison) {throwing}
Press: ? - help, Q - select action, (/) - cycle Shift-Dir - straight line, f/p - yak
Aim: a yak (heavily wounded, poisoned, 69% to hit)
You throw a poisoned dart {throwing}.
The poisoned dart {throwing} barely misses the yak.
Throw: 20 darts (poison) {throwing}
Press: ? - help, Q - select action, (/) - cycle Shift-Dir - straight line, f/p - yak
Aim: a yak (heavily wounded, poisoned, 68% to hit)
You throw a poisoned dart {throwing}.
The poisoned dart {throwing} hits the yak.
The yak looks even sicker.
Throw: 19 darts (poison) {throwing}
Press: ? - help, Q - select action, (/) - cycle Shift-Dir - straight line, f/p - yak
Aim: a yak (heavily wounded, very poisoned, 69% to hit)
You throw a poisoned dart {throwing}.
The poisoned dart {throwing} hits the yak.
The yak looks even sicker.
Aiming: Mindburst
Press: ? - help, Shift-Dir - straight line, f/p - yak
Aim: a yak (heavily wounded, very poisoned, chance to affect: 65%)
The yak struggles to resist. 😱 HP[+1]
Aiming: Mindburst
Press: ? - help, Shift-Dir - straight line, f/p - yak
Aim: a yak (heavily wounded, very poisoned, chance to affect: 65%)
The yak struggles to resist.
The yak gores you!
You die...
Your body crumbles into a pile of gold.

Skill      XL: |  1  2  3  4  5  6  7 |
---------------+----------------------+-----
Stealth        | 7 9 10 12 | 12.0
Shields        | 2 |  2.5
Fighting       | 4 |  4.2
Long Blades    | |  2.0
Dodging        | |  2.0

Action                   |  1- 3 |  4- 6 |  7- 9 || total
-------------------------+-------+-------+-------++-------
Melee: Falchion          |     2 |     8 |       ||    10
       Constrict         |     1 |    12 |    13 ||    26
       Tentacles         |     1 |    12 |    10 ||    23
       Short sword       |       |    45 |    91 ||   136
Throw: Dart              |       |     8 |    10 ||    18
Evoke: Wand              |     2 |     3 |     4 ||     9
  Use: Scroll            |     1 |     3 |     8 ||    12
       Potion            |       |     2 |     3 ||     5
 Stab: Sleeping          |       |     3 |    38 ||    41
       Distracted        |       |       |     2 ||     2
Armor: Skin              |       |     3 |    10 ||    13
Dodge: Dodged            |     2 |    44 |    31 ||    77
Block: Kite shield       |       |       |    14 ||    14

Levels and vault maps discovered:
D:1:      minmay_arrival_open_corners, layout_basic
D:2:      layout_basic
D:3:      layout_rooms, hellmonk_ecumenical_altar_leap_of_faith,
          ebering_ghost_sewer_f
D:4:      layout_cave_pods, grunt_temple_overflow_open, palyth_stone_intersect,
          uniq_blork_the_orc
D:5:      layout_rooms, mainiacjoe_overflow_chevrons, temple_statues,
          uniq_menkaure
D:6:      layout_basic
D:7:      minmay_thinvault, layout_layer_cave
Temple:   compressed_dpeg_circular_temple

Notes
Turn   | Place    | Note
-------+----------+-------------------------------------------
     0 | D:5      | spaghetti the Octopode Delver began the quest for the Orb.
     0 | D:5      | Reached XP level 1. HP: 16/16 MP: 1/1
     0 | D:5      | magus.rc [v1.9.6]
     2 | D:5      | Found a staircase to the Ecumenical Temple.
    11 | Temple   | Entered the Ecumenical Temple
    39 | D:5      | Reached skill level 7 in Stealth
    39 | D:5      | Reached XP level 2. HP: 21/21 MP: 2/2
    83 | Temple   | Became a worshipper of Gozag Ym Sagoz the Greedy
    96 | D:5      | Noticed a phantom
   104 | D:5      | Killed a phantom
   105 | D:5      | Reached skill level 9 in Stealth
   105 | D:5      | Reached XP level 3. HP: 26/26 MP: 3/3
   105 | D:5      | Reached XP level 4. HP: 31/31 MP: 4/4
   616 | D:6      | Noticed a centaur
   741 | D:6      | Killed a centaur
   742 | D:6      | Reached skill level 10 in Stealth
   742 | D:6      | Reached XP level 5. HP: 22/36 MP: 5/5
   954 | D:6      | You pick up a book of Spectacle and begin reading...
   954 | D:6      | You add the spells Dazzling Flash, Iskenderun's Mystic
                  | Blast and Starburst to your library.
  1267 | D:4      | Found a shadowy altar of Dithmenos.
  1289 | D:4      | Found a bloodstained altar of Trog.
  1291 | D:4      | Found a radiant altar of Vehumet.
  1652 | D:4      | Reached XP level 6. HP: 14/42 MP: 6/6
  1974 | D:5      | Noticed Menkaure
  1979 | D:5      | Reached skill level 11 in Stealth
  1983 | D:5      | Killed Menkaure
  2152 | D:5      | Reached skill level 12 in Stealth
  2152 | D:5      | Reached XP level 7. HP: 32/46 MP: 7/7
  2334 | D:5      | You pick up a book of Misfortune and begin reading...
  2334 | D:5      | You add the spells Slow, Confusing Touch and Yara's Violent
                  | Unravelling to your library.
  2348 | D:5      | Noticed a yak
  2374 | D:5      | Noticed a yak
  2374 | D:5      | Noticed a yak
  2374 | D:5      | Noticed a yak
  3744 | D:2      | Reached skill level 1 in Shields
  4016 | D:3      | Found a faded altar of an unknown god.
  4042 | D:3      | Found a runed translucent door.
  4046 | D:3      | Noticed croobank's ghost (amateur TrBe)
  4103 | D:3      | You pick up a book of Hexes and begin reading...
  4103 | D:3      | You add the spells Inner Flame, Cause Fear and Discord to
                  | your library.
  4172 | D:3      | Found a runed translucent door.
  4312 | D:4      | You add the spells Gell's Gravitas, Teleport Other and
                  | Dispersal to your library.
  4343 | D:4      | Noticed Blork the orc
  4360 | D:4      | You pick up a book of Scorching and begin reading...
  4360 | D:4      | You add the spells Scorch, Flame Wave and Summon Cactus
                  | Giant to your library.
  5159 | D:5      | Noticed a yak
  5186 | D:5      | Killed a yak
  5187 | D:5      | Reached skill level 4 in Fighting
  5187 | D:5      | Reached skill level 2 in Shields
  5203 | D:5      | Gained mutation: Your spells are a little easier to cast,
                  | but a little less powerful. [potion of mutation]
  5203 | D:5      | Gained mutation: Your body sometimes deteriorates upon
                  | taking damage. [potion of mutation]
  5203 | D:5      | Gained mutation: Your mind is acute. (Int +2) [potion of
                  | mutation]
  5203 | D:5      | Gained mutation: You passively dampen the noise of your
                  | surroundings. [potion of mutation]
  5417 | D:4      | HP: 7/48 [yak (14)]
  5434 | D:4      | Slain by a yak

Vanquished Creatures
  A yak (D:5)
  Menkaure (D:5)
  A centaur (D:6)
  A phantom (D:5)
  A wyvern skeleton (D:5)
  A centaur zombie (D:5)
  A bullfrog skeleton (D:6)
  A scorpion zombie (D:5)
  A hound skeleton (D:4)
  2 howler monkey skeletons (D:5)
  5 adders
  An ufetubus (D:4)
  An adder skeleton (D:4)
  A worm (D:4)
  A dart slug (D:2)
  5 orcs
  7 bats
  6 endoplasms
  3 giant cockroaches
  5 hobgoblins
  4 jackals
  4 kobolds
  3 quokkas
  6 ball pythons
  4 frilled lizards
  3 goblins
  10 rats
80 creatures vanquished.

Vanquished Creatures (others)
  12 plants (D:5)
12 creatures vanquished.

Grand Total: 92 creatures vanquished

Table legend:
 A = Non-vault XP
 B = Vault XP
 C = Vault XP percentage of total XP
 D = Non-vault monster count
 E = Vault monster count
 F = Vault count percentage of total count
                 A         B        C        D         E       F
            +---------+---------+-------+---------+---------+-------
      Total |     868 |     172 |  16.5 |      79 |       1 |   1.2
            +---------+---------+-------+---------+---------+-------
        D:1 |      42 |       0 |   0.0 |      28 |       0 |   0.0
        D:2 |      48 |       0 |   0.0 |      15 |       0 |   0.0
        D:3 |      29 |       0 |   0.0 |      10 |       0 |   0.0
        D:4 |      71 |       0 |   0.0 |      16 |       0 |   0.0
        D:5 |     523 |     172 |  24.7 |       8 |       1 |  11.1
        D:6 |     155 |       0 |   0.0 |       2 |       0 |   0.0
            +---------+---------+-------+---------+---------+-------

Illustrated notes

Table legend:
 A = Kills in this place as a percentage of kills in entire the game.
 B = Kills by you in this place as a percentage of kills by you in the entire game.
 C = Kills by friends in this place as a percentage of kills by friends in the entire game.
 D = Other kills in this place as a percentage of other kills in the entire game.
 E = Experience gained in this place as a percentage of experience gained in the entire game.
 F = Experience gained in this place divided by the number of levels of this place that you have seen.
                   A       B       C       D       E      F
               +-------+-------+-------+-------+-------+----------------------
         Total | 100.0 | 100.0 |   N/A |   N/A | 100.0 | 130.0
       Dungeon | 100.0 | 100.0 |   N/A |   N/A | 100.0 | 148.6
               +-------+-------+-------+-------+-------+----------------------

Table legend: (Time is in decaauts)
 A = Elapsed time spent in this place.
 B = Non-inter-level travel time spent in this place.
 C = Inter-level travel time spent in this place.
 D = Time resting spent in this place.
 E = Time spent auto-exploring this place.
 F = Levels seen in this place.
 G = Mean time per level.
                   A        B        C        D        E       F      G
               +--------+--------+--------+--------+--------+-----+--------+
         Total |   5456 |   5138 |    318 |   1473 |   2830 |   8 |  682.0 |
       Dungeon |   5406 |   5123 |    283 |   1473 |   2827 |   7 |  772.3 |
        Temple |     50 |     15 |     35 |      0 |      3 |   1 |   50.0 |
               +--------+--------+--------+--------+--------+-----+--------+

Top non-repeatable levels by time:
     D:4: 1653 daAuts
     D:5: 1065 daAuts
     D:6: 827 daAuts
     D:1: 693 daAuts
     D:3: 536 daAuts
     D:2: 522 daAuts
     D:7: 107 daAuts
  Temple: 50 daAuts
